 Dungeon Crawl Stone Soup version 0.18-a0-1312-gf98331d (webtiles) character file.

71 M4edhros the Sneak (level 4, 0/28 HPs)
             Began as an Octopode Artificer on Feb 15, 2016.
             Slain by a worker ant (7 damage)
             ... on level 4 of the Dungeon.
             The game lasted 00:01:48 (1314 turns).

M4edhros the Sneak (Octopode Artificer)             Turns: 1314, Time: 00:01:48

Health: 0/28       AC:  1    Str: 10    XL:     4   Next: 24%
Magic:  6/6        EV: 12    Int: 15    God:
Gold:   91         SH:  0    Dex: 12    Spells: 0 memorised, 3 levels left

rFire  . . .     SeeInvis .     a - +0 short sword
rCold  . . .     Gourm    .     (no shield)
rNeg   . . .     Faith    .     (helmet restricted)
rPois  .         Spirit   .     (no amulet)
rElec  .         Dismiss  .     (no ring)
rCorr  .         Reflect  .     (no ring)
SustAt .         Harm     .     (no ring)
MR     .....                    (no ring)
Stlth  ++++......               (no ring)
                                (no ring)
                                (no ring)
                                (no ring)

@: not resistant to hostile enchantments, stealthy
A: almost no armour, amphibious, 8 rings, constrict 8, camouflage 1, gelatinous
body 1
a: no special abilities


You were on level 4 of the Dungeon.
You were not hungry.

You visited 1 branch of the dungeon, and saw 4 of its levels.

You collected 91 gold pieces.

Inventory:

Hand Weapons
 a - a +0 short sword (weapon)
Missiles
 m - 59 sling bullets
 n - 22 stones (quivered)
 o - 14 poisoned needles
Jewellery
 p - an uncursed ring of flight {unknown}
Wands
 b - a wand of flame (14/48)
 c - a wand of enslavement (14/24)
 d - a wand of random effects (14/48)
 l - a wand of confusion (30/48)
Scrolls
 g - 3 scrolls of identify {unknown}
 h - a scroll of amnesia {unknown}
 j - a scroll of fear {unknown}
 s - a scroll of immolation {unknown}
Potions
 i - a potion of degeneration {unknown}
 k - 2 potions of agility {unknown}
 t - a potion of lignification {unknown}
Comestibles
 f - 2 bread rations
 q - 3 fruits
 r - 3 chunks of flesh


   Skills:
 - Level 1.0 Fighting
 - Level 1.0 Short Blades
 - Level 2.0 Dodging
 + Level 5.7 Stealth
 - Level 3.2 Evocations


You had 3 spell levels left.
You didn't know any spells.

Dungeon Overview and Level Annotations

Branches:
Dungeon (4/15)
 Temple: D:4-7

Altars:
Okawaru

Shops:
D:4 %


Innate Abilities, Weirdness & Mutations

You cannot wear most types of armour.
You are amphibious.
You can wear up to eight rings at the same time.
You can use your tentacles to constrict eight enemies at once.
Your skin changes colour to match your surroundings (Stealth).
Your rubbery body absorbs attacks (AC +1).


Message History

You feel better.
You constrict the worker ant, but do no damage.
The worker ant barely misses you.
You hit the worker ant but do no damage.
The worker ant is heavily wounded.
You constrict the worker ant. The worker ant misses you.
The worker ant bites you but does no damage.
You hit the worker ant but do no damage.
The worker ant is severely wounded.
You constrict the worker ant. The worker ant bites you.
* * * LOW HITPOINT WARNING * * *
Evoke which item? (* to show all) (? for menu, Esc to quit)
Zapping:
b - a wand of flame (15/48)
Press: ? - help, Shift-Dir - straight line, f - worker ant
Aim: a worker ant (severely wounded, constricted by you)
The puff of flame hits the worker ant.
The worker ant appears unharmed.
The worker ant is severely wounded.
This wand has 14 charges left.
You constrict the worker ant. The worker ant bites you!
You die...

#. ##.## #...# #
.# #...###.#####.#
###..†...........
#......# .......
#.##...###.......
#a##.....#.......
#@###..#.#.......
#.###......[.....
#....o.#.##.##.#.#
########.##.# .#.#
#.[)....##.#.#
#.##.##......# #
#.##.......
#.......# .
####....##.


You could see a worker ant.

Vanquished Creatures
  A worker ant (D:4)
  11 orcs
  3 bats
  2 goblins (D:1)
  4 hobgoblins
  3 jackals (D:2)
  3 kobolds (D:1)
  A quokka (D:3)
  A ball python (D:2)
  3 giant newts
  2 rats (D:2)
34 creatures vanquished.

Notes
Turn   | Place    | Note
--------------------------------------------------------------
     0 | D:1      | M4edhros the Octopode Artificer began the quest for the Orb.
     0 | D:1      | Reached XP level 1. HP: 13/13 MP: 3/3
    80 | D:1      | Reached XP level 2. HP: 11/18 MP: 4/4
   483 | D:2      | Found an iron altar of Okawaru.
   613 | D:3      | Reached skill level 4 in Stealth
   618 | D:3      | Reached XP level 3. HP: 16/23 MP: 5/5
   990 | D:4      | Found Fedueton's Food Boutique.
  1004 | D:4      | Noticed a scorpion
  1182 | D:4      | Reached skill level 5 in Stealth
  1280 | D:4      | Reached XP level 4. HP: 20/28 MP: 6/6
  1314 | D:4      | Slain by a worker ant

Vault maps used:
D:1:      minmay_arrival_diagonal_passages, ashenzari_altar_1
D:2:      overflow_temple_1_default, first_bread
D:3:      lemuel_crystal_altar, lemuel_coloured_pillars_altar,
          grunt_gozag_statues
D:4:      kennysheep_mini_moat, serial_shops, shop_fountains

Action                   |  1- 3 |  4- 6 || total
-------------------------+-------+-------++-------
Melee: Short sword       |    71 |     5 ||    76
Evoke: Wand              |     2 |     1 ||     3
  Use: Potion            |     1 |     1 ||     2
 Stab: Sleeping          |    13 |     1 ||    14
  Eat: Chunk             |     1 |       ||     1
